 Dungeon Crawl Stone Soup version 0.24-a0-537-g2d01d4ab0a (webtiles) character file.

Game seed: 13388030133074102209

3 Mithandil the Magician (level 1, 0/13 HPs)
             Began as a Gnoll Wanderer on Aug 13, 2019.
             Slain by a kobold
             ... wielding a +0 club
              (4 damage)
             ... on level 1 of the Dungeon.
             The game lasted 00:01:46 (347 turns).

Mithandil the Magician (Gnoll Wanderer)              Turns: 347, Time: 00:01:46

Health: 0/13       AC:  2    Str: 15    XL:     1   Next: 50%
Magic:  4/6        EV: 13    Int: 12    God:
Gold:   9          SH:  0    Dex: 15    Spells: 8/9 levels left

rFire    . . .     SeeInvis .   a - +0 club
rCold    . . .     Gourm    .   (no shield)
rNeg     . . .     Faith    .   d - +0 robe
rPois    .         Spirit   .   (no helmet)
rElec    .         Reflect  .   (no cloak)
rCorr    .         Harm     .   (no gloves)
MR       .....                  (no boots)
Stlth    +.........             (no amulet)
HPRegen  0.04/turn              (no ring)
MPRegen  0.10/turn              (no ring)

@: infused
A: distributed training, fangs 1, strong nose
a: no special abilities


You were on level 1 of the Dungeon.
You were not hungry.

You visited 1 branch of the dungeon, and saw 1 of its levels.

You collected 9 gold pieces.

Inventory:

Hand Weapons
 a - a +0 club (weapon)
Armour
 d - a +0 robe (worn)
Potions
 c - a potion of curing
Comestibles
 b - 2 chunks of flesh
 f - a ration


   Skills:
 + Level 0.0 Fighting
 + Level 0.0 Short Blades
 + Level 0.0 Long Blades
 + Level 0.0 Axes
 + Level 0.0 Maces & Flails
 + Level 0.0 Polearms
 + Level 4.4 Staves
 + Level 0.0 Slings
 + Level 0.0 Bows
 + Level 0.0 Crossbows
 + Level 2.3 Throwing
 + Level 0.0 Armour
 + Level 2.3 Dodging
 + Level 0.0 Stealth
 + Level 0.0 Shields
 + Level 0.0 Unarmed Combat
 + Level 4.8 Spellcasting
 + Level 1.9 Conjurations
 + Level 3.6 Hexes
 + Level 0.0 Charms
 + Level 0.0 Summonings
 + Level 0.0 Necromancy
 + Level 0.0 Translocations
 + Level 0.0 Transmutations
 + Level 0.0 Fire Magic
 + Level 0.0 Ice Magic
 + Level 0.0 Air Magic
 + Level 0.0 Earth Magic
 + Level 0.0 Poison Magic
 + Level 0.1 Invocations
 + Level 2.3 Evocations


You had 8 spell levels left.
You knew the following spells:

 Your Spells              Type           Power        Failure   Level  Hunger
a - Infusion              Chrm           #...         21%         1    None

Your spell library contained the following spells:

 Spells                   Type           Power        Failure   Level  Hunger
 Corona                   Hex            ##.....      4%          1    None
 Ensorcelled Hibernation  Hex/Ice        #.....       14%         2    ##.....
 Confuse                  Hex            ##......     14%         3    ###....
 Tukima's Dance           Hex            ##......     14%         3    ###....
 Dazzling Spray           Conj/Hex       #.....       19%         3    ###....
 Spectral Weapon          Hex/Chrm       #.......     28%         3    ###....


Dungeon Overview and Level Annotations

Branches:
Dungeon (1/15)

Altars:


Innate Abilities, Weirdness & Mutations

Your experience applies equally to all skills.
You have very sharp teeth.
Your uncanny sense of smell can sniff out nearby items.


Message History

You hit the kobold.
The kobold is moderately wounded.
The kobold barely misses you.
Casting: Infusion (safe; 21% risk of failure)
Confirm with . or Enter, or press ? or * to list all spells.
You begin infusing your attacks with magical energy.
The kobold closely misses you. The frilled lizard barely misses you.
You closely miss the kobold.
The kobold is moderately wounded.
The kobold barely misses you. The frilled lizard closely misses you.
You closely miss the kobold.
The kobold is moderately wounded.
The kobold misses you. The frilled lizard misses you.
The kobold hits you with a +0 club.
You closely miss the kobold. The frilled lizard misses you.
The kobold barely misses you. The frilled lizard bites you.
You hit the kobold. Your bite misses the kobold.
The kobold is severely wounded.
The kobold hits you with a +0 club.
You die...

.... #. ...#
##. ...# ..
(..+
####.##...#
#.........#
##.....Kl..#
.......@...#
##.........#
#.........#
#.........#
##...(....#####
#............#
#....#.......#
#....#รท......#
##....#.......#


You could see a kobold and a frilled lizard.

Vanquished Creatures
  A giant cockroach (D:1)
  A goblin (D:1)
  A rat (D:1)
3 creatures vanquished.

Notes
Turn   | Place    | Note
-------+----------+-------------------------------------------
     0 | D:1      | Mithandil the Gnoll Wanderer began the quest for the Orb.
     0 | D:1      | Mithandil set off with the following items: a +0 club, a
                  | potion of curing, a +0 robe, a ration; and the following
                  | spells available to memorise: Corona, Ensorcelled
                  | Hibernation, Confuse, Tukima's Dance, Dazzling Spray,
                  | Infusion, Spectral Weapon
     0 | D:1      | Reached XP level 1. HP: 13/13 MP: 6/6
     2 | D:1      | Learned a level 1 spell: Infusion
   347 | D:1      | Slain by a kobold

Levels and vault maps discovered:
D:1:      eino_arrival_tree_alley, layout_basic

Action                   || total
-------------------------++-------
Melee: Club              ||    24
       Bite              ||     3
 Cast: Infusion          ||     3
Armor: Robe              ||     1
Dodge: Dodged            ||    25

Table legend:
 A = Non-vault XP
 B = Vault XP
 C = Vault XP percentage of total XP
 D = Non-vault monster count
 E = Vault monster count
 F = Vault count percentage of total count
                 A         B        C        D         E       F
            +---------+---------+-------+---------+---------+-------
      Total |       5 |       0 |   0.0 |       3 |       0 |   0.0
            +---------+---------+-------+---------+---------+-------
        D:1 |       5 |       0 |   0.0 |       3 |       0 |   0.0
            +---------+---------+-------+---------+---------+-------
